 Dungeon Crawl Stone Soup version 0.21.1-1-g345015f (webtiles) character file.

22246 raistware the Thaumaturge (level 12, 0/74 HPs)
             Began as a Mummy Wizard on Apr 19, 2018.
             Was a High Priest of Sif Muna.
             Slain by a blink frog (2 damage)
             ... on level 3 of the Lair of Beasts on Apr 25, 2018.
             The game lasted 02:11:09 (22584 turns).

raistware the Thaumaturge (Mummy Wizard)           Turns: 22584, Time: 02:11:10

Health: 0/74       AC:  6    Str: 15    XL:     12   Next: 61%
Magic:  1/29       EV: 12    Int: 26    God:    Sif Muna [*****.]
Gold:   554        SH:  0    Dex: 14    Spells: 3/38 levels left

rFire    x . .     SeeInvis .   P - +1 falchion of Makhleb's Scorn {slice, Str+3 Int+5}
rCold    + . .     Gourm    .   (no shield)
rNeg     + + +     Faith    .   a - +0 robe
rPois    ∞         Spirit   .   b - +1 hat
rElec    .         Reflect  .   y - +0 cloak
rCorr    .         Harm     .   K - +1 pair of gloves
MR       ++...                  (no boots)
Stlth    ++........             (no amulet)
HPRegen  0.22/turn              n - ring of protection from magic
MPRegen  0.21/turn              m - +4 ring of dexterity

@: about to teleport
A: no food or potions, fire vulnerability, cold resistance 1, negative energy
resistance 3, torment resistance, unbreathing
a: Divine Energy, Channel Magic, Forget Spell, Renounce Religion


You were on level 3 of the Lair of Beasts.
You worshipped Sif Muna.
Sif Muna was extremely pleased with you.
You were not hungry.

You visited 3 branches of the dungeon, and saw 16 of its levels.

You collected 740 gold pieces.
You spent 186 gold pieces at shops.

Inventory:

Hand Weapons
 z - a +4 quarterstaff of chaos
 B - a +4 scimitar of flaming
 E - a +0 blowgun
 J - a +0 quarterstaff of holy wrath
 P - the +1 falchion of Makhleb's Scorn (weapon) {slice, Str+3 Int+5}
   (You found it on level 2 of the Lair of Beasts)

   It inflicts extra damage upon your enemies.
   It affects your strength (+3).
   It affects your intelligence (+5).
Missiles
 g - 13 curare-tipped needles
 i - 4 needles of paralysis
 D - 11 poisoned needles
Armour
 a - a +0 robe (worn)
 b - a +1 hat (worn)
 u - a +3 leather armour
 y - a +0 cloak (worn)
 K - a +1 pair of gloves (worn)
 N - the +3 hat of Pondering {ponderous, MR+ MP+10 Int+5}
   (You took it off Gastronok on level 1 of the Lair of Beasts)

   It affects your intelligence (+5).
   It affects your resistance to hostile enchantments.
   It affects your magic capacity (+10).
Magical Staves
 j - an uncursed staff of death
Jewellery
 h - an uncursed ring of flight
 m - a +4 ring of dexterity (right hand)
 n - a ring of protection from magic (left hand)
 C - an uncursed ring of resist corrosion
Wands
 f - a wand of random effects (21)
 o - a wand of disintegration (5)
 t - a wand of enslavement (18)
 v - a wand of polymorph (9)
 A - a wand of flame (77)
 L - a wand of digging (13)
Scrolls
 d - a scroll of enchant armour
 e - 12 scrolls of identify
 k - 2 scrolls of immolation
 l - 5 scrolls of teleportation
 q - a scroll of amnesia
 r - 3 scrolls of remove curse
 s - 2 scrolls of magic mapping
 F - a scroll of enchant weapon
 H - a scroll of fog
 I - 2 scrolls of vulnerability
Books
 c - a book of Minor Magic

   Spells                             Type                      Level
   a - Magic Dart                     Conjuration                  1
   b - Blink                          Translocation                2
   c - Call Imp                       Summoning                    2
   d - Slow                           Hexes                        2
   e - Conjure Flame                  Conjuration/Fire             3
   f - Mephitic Cloud                 Conjuration/Poison/Air       3
 p - Sif Muna's Tome of Battle Magic
   (Sif Muna gifted it to you on level 11 of the Dungeon)

   Spells                             Type                      Level
   a - Stone Arrow                    Conjuration/Earth            3
   b - Mephitic Cloud                 Conjuration/Poison/Air       3
   c - Bolt of Cold                   Conjuration/Ice              6
   d - Orb of Destruction             Conjuration                  7
 w - a book of Conjurations

   Spells                             Type                      Level
   a - Magic Dart                     Conjuration                  1
   b - Searing Ray                    Conjuration                  2
   c - Dazzling Spray                 Conjuration/Hexes            3
   d - Fulminant Prism                Conjuration/Hexes            4
   e - Force Lance                    Conjuration/Translocation    4
   f - Iskenderun's Mystic Blast      Conjuration                  4
 x - a book of Clouds

   Spells                             Type                      Level
   a - Poisonous Vapours              Poison/Air                   2
   b - Mephitic Cloud                 Conjuration/Poison/Air       3
   c - Conjure Flame                  Conjuration/Fire             3
   d - Freezing Cloud                 Conjuration/Ice/Air          6
   e - Ring of Flames                 Charms/Fire                  7
 M - a book of Frost

   Spells                             Type                      Level
   a - Freeze                         Ice                          1
   b - Throw Frost                    Conjuration/Ice              2
   c - Ozocubu's Armour               Charms/Ice                   3
   d - Throw Icicle                   Conjuration/Ice              4
   e - Summon Ice Beast               Ice/Summoning                4
 O - a book of Transfigurations

   Spells                             Type                      Level
   a - Irradiate                      Conjuration/Transmutation    5
   b - Statue Form                    Transmutation/Earth          6
   c - Hydra Form                     Transmutation                6
   d - Dragon Form                    Transmutation                7
Miscellaneous
 G - a box of beasts


   Skills:
 - Level 1.0 Long Blades
 - Level 2.0 Dodging
 - Level 2.0 Stealth
 + Level 13.9 Spellcasting
 + Level 12.4 Conjurations
 - Level 4.0 Hexes
 - Level 1.0 Summonings
 - Level 1.0 Translocations
 + Level 5.2 Ice Magic
 - Level 4.0 Air Magic


You had 3 spell levels left.
You knew the following spells:

 Your Spells              Type           Power        Failure   Level  Hunger
a - Magic Dart            Conj           ####         1%          1    N/A
b - Blink                 Tloc           N/A          3%          2    N/A
c - Call Imp              Summ           ###.....     3%          2    N/A
d - Conjure Flame         Conj/Fire      ######..     1%          3    N/A
e - Mephitic Cloud        Conj/Pois/Air  #####...     1%          3    N/A
f - Slow                  Hex            #####...     1%          2    N/A
g - Freezing Cloud        Conj/Ice/Air   ######....   24%         6    N/A
h - Searing Ray           Conj           ######       1%          2    N/A
i - Iskenderun's Mystic   Conj           ######..     1%          4    N/A
j - Dazzling Spray        Conj/Hex       ######       1%          3    N/A
k - Orb of Destruction    Conj           ######....   16%         7    N/A

Dungeon Overview and Level Annotations

Branches:
Dungeon (12/15)            Temple (1/1) D:6            Lair (3/6) D:11
  Snake (0/4) Lair:2          Orc (0/2) D:10
  Swamp: Lair:2-4    Shoals: Lair:2-4

Altars:
Ashenzari
Cheibriados
Dithmenos
Elyvilon
Fedhas
Gozag
Hepliaklqana
Kikubaaqudgha
Makhleb
Nemelex Xobeh
Okawaru
Qazlal
Ru
Sif Muna
Trog
Uskayaw
Vehumet
Wu Jian
Xom
Yredelemnul
Zin
The Shining One

Shops:
D:5 %   D:7 }   D:10 ((


Innate Abilities, Weirdness & Mutations

You do not eat or drink.
Your flesh is vulnerable to fire.
You are immune to poison.
Your flesh is cold resistant. (rC+)
You are immune to negative energy. (rN+++)
You are immune to unholy pain and torment.
You can survive without breathing.


Message History

The mystic blast hits the fungus.
The fungus is severely damaged.
The blink frog barely misses you.
Casting: Iskenderun's Mystic Blast
Confirm with . or Enter, or press ? or * to list all spells.
You don't have enough magic to cast that spell.
The blink frog hits you!!
* * * LOW HITPOINT WARNING * * *
The blink frog barely misses you.
Evoke which item? (* to show all) (? for menu, Esc to quit)
Aiming: Disintegrate
Press: ? - help, Shift-Dir - straight line, f/p - blink frog
Aim: a blink frog (severely wounded, chance to defeat MR: 48%)
The blink frog resists with some effort.
The blink frog hits you!
* * * LOW HITPOINT WARNING * * *
The blink frog blinks!
As you read the scroll of teleportation, it crumbles to dust.
You feel strangely unstable. The blink frog hits you.
You die... ...###....... .P..... ............. .
PP.....

..........#.. .. #PP..P.
#####....### ... ....P.##
##....P# .... #. ...P#
#.....### .....+.
#.P#######....#.#
.=.....###§.#.##.#........
........F@...........P....
#..####.##.###.#....P####.
###### ######### #


You could see a blink frog.

Vanquished Creatures
  Gastronok (Lair:1)
  A hydra (Lair:2)
  Erica (D:11)
  3 two-headed ogres
  A manticore (D:11)
  4 black mambas
  A gargoyle (D:10)
  3 spiny frogs
  A rime drake (Lair:2)
  2 komodo dragons
  2 trolls
  7 blink frogs (Lair:3)
  4 hippogriffs
  A spriggan (D:7)
  19 yaks
  Eustachio (D:6)
  A hungry ghost (D:11)
  A basilisk (Lair:2)
  Menkaure (D:4)
  4 porcupines
  5 water moccasins
  A black bear (D:7)
  6 orc warriors
  2 ice beasts (D:10)
  4 necrophages (Lair:3)
  An eye of draining (D:11)
  2 phantoms (D:9)
  11 ogres
  11 wolves
  6 centaurs (D:11)
  6 crocodiles
  A big kobold (D:7)
  6 bullfrogs
  Blork the orc (D:4)
  A wyvern zombie (D:10)
  2 wyvern skeletons
  A water moccasin skeleton (D:9)
  4 scorpions
  3 killer bees (D:11)
  5 wights (D:11)
  An electric eel (D:8)
  4 crimson imps
  3 bullfrog zombies
  2 hounds
  2 jellies (D:10)
  Crazy Yiuf (D:6)
  5 orc priests
  2 bullfrog skeletons (D:9)
  7 iguanas
  8 worker ants
  9 orc wizards
  A killer bee zombie (D:6)
  A hound zombie (D:9)
  A hound skeleton (D:7)
  2 worker ant zombies
  2 gnolls (D:5)
  12 adders
  4 shadow imps
  An ooze (D:2)
  An adder zombie (D:7)
  3 worms
  A dart slug (D:1)
  7 leopard geckos
  37 orcs
  3 ball pythons
  4 giant cockroaches
  8 goblins
  9 hobgoblins
  12 jackals
  17 kobolds
  2 quokkas
  7 bats
  5 frilled lizards
  A jackal skeleton (D:3)
  A leopard gecko skeleton (D:5)
  A quokka skeleton (D:4)
  11 rats
336 creatures vanquished.

Vanquished Creatures (collateral kills)
  An acid dragon (D:11)
  A black bear (D:8)
  An ogre (D:4)
  2 orc priests
  An orc wizard (D:4)
  Jessica (D:1)
  Robin (D:2)
  A gnoll (D:5)
  An adder (D:3)
  2 worms
  A leopard gecko (D:4)
  4 orcs
  A bat (D:3)
  A giant cockroach (D:3)
  A goblin (D:2)
  4 hobgoblins
  10 jackals
  A leopard gecko skeleton (D:4)
35 creatures vanquished.

Vanquished Creatures (others)
  A hobgoblin (D:2)
  3 fungi
  41 plants (D:11)
45 creatures vanquished.

Grand Total: 416 creatures vanquished

Notes
Turn   | Place    | Note
-------+----------+-------------------------------------------
     0 | D:1      | raistware the Mummy Wizard began the quest for the Orb.
     0 | D:1      | Reached XP level 1. HP: 13/13 MP: 5/5
    89 | D:1      | Reached skill level 1 in Conjurations
   301 | D:1      | Reached XP level 2. HP: 16/19 MP: 5/7
   305 | D:1      | Learned a level 2 spell: Blink
   308 | D:1      | Learned a level 2 spell: Call Imp
   311 | D:1      | Learned a level 2 spell: Slow
  1310 | D:1      | Reached XP level 3. HP: 21/24 MP: 2/8
  1325 | D:1      | Learned a level 3 spell: Conjure Flame
  1743 | D:2      | Noticed Jessica
  1770 | D:1      | Killed Jessica
  1891 | D:2      | Found a bloodstained altar of Trog.
  1962 | D:2      | Reached skill level 1 in Hexes
  1972 | D:2      | Found a hide-covered altar of Uskayaw.
  2052 | D:2      | Found a white marble altar of Elyvilon.
  2144 | D:2      | Noticed Robin
  2157 | D:2      | Reached XP level 4. HP: 21/30 MP: 4/10
  2194 | D:2      | Killed Robin
  2430 | D:2      | Found an ancient bone altar of Kikubaaqudgha.
  2431 | D:2      | Found an opulent altar of Gozag.
  2956 | D:3      | Found a radiant altar of Vehumet.
  3317 | D:3      | Reached XP level 5. HP: 35/35 MP: 6/12
  3323 | D:3      | Learned a level 3 spell: Mephitic Cloud
  3325 | D:3      | Reached skill level 5 in Spellcasting
  4080 | D:3      | Found an iron altar of Okawaru.
  4544 | D:4      | Noticed Blork the orc
  4549 | D:4      | Reached XP level 6. HP: 36/41 MP: 3/14
  5068 | D:4      | Killed Blork the orc
  5235 | D:4      | Noticed Menkaure
  5257 | D:4      | Killed Menkaure
  5257 | D:4      | Reached skill level 6 in Spellcasting
  5257 | D:4      | Reached XP level 7. HP: 41/46 MP: 2/16
  5688 | D:5      | Entered Level 5 of the Dungeon
  6325 | D:5      | Found Dove's Food Emporium.
  6383 | D:5      | Reached skill level 5 in Conjurations
  6535 | D:5      | Found a snail-covered altar of Cheibriados.
  7079 | D:6      | Noticed Eustachio
  7443 | D:6      | Killed Eustachio
  7443 | D:6      | Reached XP level 8. HP: 45/52 MP: 0/18
  7679 | D:6      | Found a glowing golden altar of the Shining One.
  7731 | D:6      | Found a staircase to the Ecumenical Temple.
  7737 | Temple   | Entered the Ecumenical Temple
  8009 | D:6      | Reached skill level 7 in Spellcasting
  8637 | D:6      | Found a runed door.
  8821 | D:6      | Noticed Crazy Yiuf
  8829 | D:6      | Killed Crazy Yiuf
  9232 | D:7      | Found a deep blue altar of Sif Muna.
  9240 | D:7      | Became a worshipper of Sif Muna the Loreminder
  9288 | D:7      | Reached skill level 8 in Spellcasting
  9456 | D:7      | Found Solieg's Gadget Boutique.
  9736 | D:7      | Reached skill level 1 in Air Magic
 10198 | D:7      | Reached XP level 9. HP: 57/57 MP: 11/21
 10555 | D:7      | Reached * piety under Sif Muna
 10902 | D:8      | Reached skill level 9 in Spellcasting
 10908 | D:8      | Reached ** piety under Sif Muna
 11214 | D:8      | Found a blossoming altar of Fedhas.
 11442 | D:8      | Reached XP level 10. HP: 58/63 MP: 16/23
 11621 | D:8      | Learned a level 6 spell: Freezing Cloud
 11889 | D:8      | Found a stormy altar of Qazlal.
 12008 | D:8      | Found a deep blue altar of Sif Muna.
 12173 | D:9      | Reached *** piety under Sif Muna
 12353 | D:9      | Reached skill level 10 in Spellcasting
 12353 | D:9      | Reached skill level 1 in Summonings
 12385 | D:9      | Reached skill level 1 in Translocations
 13069 | D:9      | Learned a level 2 spell: Searing Ray
 13074 | D:9      | Learned a level 4 spell: Iskenderun's Mystic Blast
 13131 | D:9      | Found an ornate altar of the Wu Jian Council.
 13528 | D:10     | Entered Level 10 of the Dungeon
 13746 | D:10     | Noticed a two-headed ogre
 13836 | D:10     | Killed a two-headed ogre
 13836 | D:10     | Reached skill level 10 in Conjurations
 13933 | D:10     | Learned a level 3 spell: Dazzling Spray
 14106 | D:10     | Reached **** piety under Sif Muna
 14728 | D:10     | Found Foelir's Antique Weapon Shoppe.
 14733 | D:10     | Bought a glowing quarterstaff for 161 gold pieces
 14929 | D:10     | Found a staircase to the Orcish Mines.
 14930 | D:10     | Found Rinedd's Weapon Boutique.
 14940 | D:10     | Bought 3 curare-tipped needles for 25 gold pieces
 14956 | D:10     | Reached skill level 11 in Spellcasting
 15034 | D:10     | Noticed a gargoyle
 15083 | D:10     | Killed a gargoyle
 15731 | D:11     | Noticed a two-headed ogre
 15733 | D:11     | Noticed a manticore
 16182 | D:11     | Noticed a two-headed ogre
 16191 | D:11     | Killed a two-headed ogre
 16191 | D:11     | Reached XP level 11. HP: 67/68 MP: 7/26
 16878 | D:11     | Killed a two-headed ogre
 17056 | D:11     | Noticed Erica
 17067 | D:11     | Killed Erica
 17067 | D:11     | Reached ***** piety under Sif Muna
 17067 | D:11     | Identified Sif Muna's Tome of Battle Magic (Sif Muna gifted it to you on level 11 of the Dungeon)
 17067 | D:11     | Received a gift from Sif Muna
 17067 | D:11     | Reached skill level 12 in Spellcasting
 17471 | D:11     | Found a staircase to the Lair.
 17569 | D:11     | Reached skill level 1 in Ice Magic
 18610 | Lair:1   | Entered Level 1 of the Lair of Beasts
 19721 | Lair:1   | Learned a level 7 spell: Orb of Destruction
 20144 | Lair:2   | Noticed a five-headed hydra
 20262 | Lair:2   | Noticed Gastronok
 20425 | Lair:1   | Killed Gastronok
 20425 | Lair:1   | Reached skill level 13 in Spellcasting
 20425 | Lair:1   | Reached XP level 12. HP: 41/74 MP: 0/29
 20570 | Lair:2   | Killed a five-headed hydra
 21108 | Lair:2   | Found a staircase to the Snake Pit.
 21122 | Lair:2   | Received a gift from Sif Muna
 21417 | Lair:2   | Got a dazzling falchion
 21423 | Lair:2   | Identified the +1 falchion of Makhleb's Scorn {slice, Str+3 Int+5} (You found it on level 2 of the Lair of Beasts)
 21665 | Lair:2   | Reached skill level 1 in Long Blades
 22219 | Lair:3   | Reached skill level 5 in Ice Magic
 22583 | Lair:3   | HP: 2/74 [blink frog (14)]
 22584 | Lair:3   | Slain by a blink frog

Skill      XL: |  1  2  3  4  5  6  7  8  9 10 11 12 |
---------------+-------------------------------------+-----
Conjurations   | 1 2 3 4 5 7 8 10 11 12 | 12.4
Hexes          | 1 2 3 4 |  4.0
Spellcasting   | 5 6 8 9 11 13 | 13.9
Air Magic      | 1 3 4 |  4.0
Summonings     | 1 |  1.0
Translocations | 1 |  1.0
Dodging        | 2 |  2.0
Stealth        | 2 |  2.0
Ice Magic      | 3 5 |  5.2
Long Blades    | 1 |  1.0

Action                   |  1- 3 |  4- 6 |  7- 9 | 10-12 || total
-------------------------+-------+-------+-------+-------++-------
Melee: Short sword       |    27 |       |       |       ||    27
       Staff             |     2 |    33 |    49 |       ||    84
       Quarterstaff      |       |       |    30 |    86 ||   116
       Scimitar          |       |       |       |     5 ||     5
       Falchion          |       |       |       |    10 ||    10
 Cast: Magic Dart        |    88 |   125 |   263 |   125 ||   601
       Call Imp          |     9 |    34 |    26 |    10 ||    79
       Conjure Flame     |     1 |     7 |    39 |    59 ||   106
       Mephitic Cloud    |       |     2 |    24 |    16 ||    42
       Slow              |       |     3 |     3 |     2 ||     8
       Blink             |       |       |     1 |     3 ||     4
       Iskenderun's Myst |       |       |       |   115 ||   115
       Searing Ray       |       |       |       |    27 ||    27
       Dazzling Spray    |       |       |       |     3 ||     3
       Orb of Destructio |       |       |       |    39 ||    39
Evoke: Wand              |       |     6 |     2 |     9 ||    17
  Use: Scroll            |       |       |    11 |    11 ||    22
 Stab: Sleeping          |     3 |       |       |       ||     3
       Distracted        |       |     1 |       |       ||     1
       Confused          |       |       |     3 |     4 ||     7
       Paralysed         |       |       |     1 |       ||     1
       Invisible         |       |       |       |     1 ||     1
Armor: Robe              |    12 |     5 |    18 |    49 ||    84
Dodge: Dodged            |    63 |    49 |    78 |   115 ||   305
       Rpst.: Scimitar   |       |       |       |    10 ||    10
       Falchion          |       |       |       |     1 ||     1
